cohdb
Replays
Latest Replays
All Replays
Popular Replays
Top Player Replays
Match Explorer
How It Works
Community
CoH3 Stats
Reddit
Sign in to upload your games and track your stats! →
Sign in with Steam
Match 43525697
Unlisted
Match 43525697
Overview
Messages
Build Orders
End
Construct Section Command Post
Vickers Machine Gun Team
Vickers Machine Gun Team
Selects Air and Sea Battlegroup
Selects Air and Sea Battlegroup
Infantry Section
Grenade Package
Infantry Section
Selects Supply Surplus
Construct Resource Cache
Construct Platoon Command Post
6-pounder Anti-tank Gun Team
Selects Commando Section Paradrop
Selects M1 Pack Howitzer Paradrop
Humber Armored Car
Commando Section Paradrop
CMP 15cwt Truck
6-pounder Anti-tank Gun Team
Selects Incendiary Bombing Run
M1 Pack Howitzer Paradrop
Royal Engineer Section
Selects UNKNOWN (223837)
Construct Resource Cache
Incendiary Bombing Run
Construct Company Command Post
Tamplar_kaz
Blaze Rembrandt
[KZR]Rjut
bigcheese
Max Emotional Damage
thehitman0
0
0
Comments
sign in to comment!
No comments posted yet!